 Dungeon Crawl Stone Soup version 0.27.0-1-g7a08968 (webtiles) character file.

Game seed: 13649404547154638794

159793 Illumine the Gnoll Aeon (level 17, 0/133 HPs)
             Began as a Gnoll Ice Elementalist on Aug 24, 2021.
             Was the Champion of Cheibriados.
             Slain by an emperor scorpion (14 damage)
             ... on level 2 of the Spider Nest on Aug 25, 2021.
             The game lasted 01:50:13 (32851 turns).

Illumine the Gnoll Aeon (Gnoll Ice Elementalist)   Turns: 32851, Time: 01:50:14

Health: 0/133      AC: 17    Str: 25    XL:     17   Next: 75%
Magic:  4/33       EV: 24    Int: 35    God:    Cheibriados [******]
Gold:   2709       SH:  5    Dex: 27    Spells: 8/41 levels left

rFire    . . .     SeeInvis .   E - +9 staff of Olgreb {rPois∞}
rCold    . . .     Faith    .   (no shield)
rNeg     . . .     Spirit   .   m - +4 troll leather armour {Snorg}
rPois    ∞         Reflect  +   R - -2 helmet of Qewnab {rElec rPois}
rElec    +         Harm     .   g - scarf {+Inv}
rCorr    .         Rampage  .   u - +2 pair of gloves {Stlth+}
Will     +....                  (no boots)
Stlth    +++++++...             i - amulet of reflection
HPRegen  1.32/turn              c - +4 ring of protection
MPRegen  0.23/turn              t - ring of wizardry

@: about to teleport, very slightly contaminated, very slow
A: fangs 1, strong nose, distributed training
a: Renounce Religion, Evoke Invisibility, Bend Time, Temporal Distortion,
Slouch, Step From Time


You were on level 2 of the Spider Nest.
You worshipped Cheibriados.
Cheibriados was exalted by your worship.
You visited 6 branches of the dungeon, and saw 31 of its levels.
You also visited: Gauntlet.

You collected 4089 gold pieces.
You spent 1380 gold pieces at shops.

Inventory:

Hand Weapons
 a - the +10 whip of Hatred {vorpal, rF++}
   (You found it on level 4 of the Dungeon)

   It inflicts extra damage upon your enemies.
   rF:        It greatly protects you from fire.
 b - a +7 longbow of freezing
 C - the +3 flail "Beetleslayer" {vorpal, rPois SInv}
   (You found it on level 6 of the Dungeon)

   It inflicts extra damage upon your enemies.
   rPois:     It protects you from poison.
   SInv:      It lets you see invisible.
 E - the +9 staff of Olgreb (weapon) {rPois∞}
   (You took it off Arachne on level 2 of the Spider Nest)

   If the wielder is skilled in Evocations, they can envenom those struck by it,
   dealing poison damage which bypasses armour.
   It enhances your poison magic.
   It grants immunity to poison.
   It can be evoked to radiate toxic energy, with effectiveness depending on
   Evocations skill.
Missiles
 B - 388 arrows
Armour
 g - a scarf of invisibility (worn)
 m - a +4 troll leather armour (worn) {Snorg}
 u - a +2 pair of gloves of stealth (worn)
 R - the -2 helmet of Qewnab (worn) {rElec rPois}
   (You found it in a Gauntlet)

   rElec:     It insulates you from electricity.
   rPois:     It protects you from poison.
Magical Staves
 q - a staff of conjuration
 N - a staff of earth
 S - a staff of poison
 U - a staff of fire
Jewellery
 c - a +4 ring of protection (left hand)
 f - a ring of protection from fire
 h - a ring of protection from fire
 i - an amulet of reflection (around neck)
 k - an amulet of magic regeneration
 r - a ring of fire
 s - a ring of willpower
 t - a ring of wizardry (right hand)
 w - a ring of ice
 y - a +6 ring of intelligence
 L - a ring of see invisible
 M - a ring of flight
 O - a ring of protection from cold
 T - a ring of poison resistance
 W - the ring "Wines" {*Corrode rN++ Will+ EV+4}
   (You took it off a minotaur in a Gauntlet)

   [ring of evasion]

   EV:        It affects your evasion (+4).
   rN:        It greatly protects you from negative energy.
   *Corrode:  It may corrode you when you take damage.
   Will:      It increases your willpower.
 Z - a ring of positive energy
Wands
 v - a wand of flame (167)
 D - a wand of iceblast (21)
 F - a wand of polymorph (42)
 J - a wand of mindburst (34)
 P - a wand of digging (3)
 Y - a wand of paralysis (19)
Scrolls
 n - 11 scrolls of teleportation
 o - a scroll of magic mapping
 p - 3 scrolls of fear
 x - 4 scrolls of amnesia
 G - a scroll of vulnerability
 I - 2 scrolls of holy word
Potions
 d - 2 potions of attraction {unknown}
 e - 5 potions of resistance
 j - 2 potions of cancellation {unknown}
 l - 13 potions of curing
 z - a potion of flight {unknown}
 A - 2 potions of mutation
 H - 3 potions of lignification
 K - 4 potions of brilliance
 Q - 8 potions of ambrosia
 V - a potion of magic {unknown}
 X - 2 potions of might


   Skills:
 + Level 11.7 Fighting
 + Level 11.7 Short Blades
 + Level 11.7 Long Blades
 + Level 11.7 Axes
 + Level 11.7 Maces & Flails
 + Level 11.7 Polearms
 + Level 11.7 Staves
 + Level 11.7 Slings
 + Level 11.7 Bows
 + Level 11.7 Crossbows
 + Level 11.7 Throwing
 + Level 11.7 Armour
 + Level 12.4 Dodging
 + Level 12.3 Stealth
 + Level 11.7 Shields
 + Level 11.7 Unarmed Combat
 + Level 12.6 Spellcasting
 + Level 10.0 Conjurations
 + Level 10.0 Hexes
 + Level 10.0 Summonings
 + Level 10.0 Necromancy
 + Level 10.0 Translocations
 + Level 10.0 Transmutations
 + Level 10.0 Fire Magic
 + Level 12.0 Ice Magic
 + Level 10.0 Air Magic
 + Level 10.0 Earth Magic
 + Level 10.0 Poison Magic
 + Level 12.6 Invocations
 + Level 11.7 Evocations


You had 8 spell levels left.
You knew the following spells:

 Your Spells              Type           Power      Damage    Failure   Level
a - Freeze                Ice            100%       1d11      0%          1
b - Frozen Ramparts       Ice            100%       1d12      1%          3
c - Ozocubu's Armour      Ice            82%        N/A       1%          3
d - Hailstorm             Conj/Ice       78%        3d16      1%          4
e - Vampiric Draining     Necr           37%        2d11      1%          3
f - Cause Fear            Hex            37%        N/A       1%          4
g - Lee's Rapid Deconstr  Erth           37%        3d20*     1%          5
h - Bolt of Magma         Conj/Fire/Erth 37%        4d16      1%          5
i - Irradiate             Conj/Tmut      37%        3d26      1%          5

Your spell library contained the following spells:

 Spells                   Type           Power      Damage    Failure   Level
 Animate Skeleton         Necr           100%       N/A       1%          1
 Foxfire                  Conj/Fire      100%       2x1d9     1%          1
 Pain                     Necr           100%       1d9       1%          1
 Sandblast                Erth           100%       2d20      1%          1
 Shock                    Conj/Air       100%       1d9       1%          1
 Summon Small Mammal      Summ           100%       N/A       1%          1
 Passwall                 Tmut/Erth      62%        N/A       1%          2
 Sublimation of Blood     Necr           37%        N/A       1%          2
 Call Canine Familiar     Summ           75%        N/A       1%          3
 Conjure Flame            Conj/Fire      75%        6-21      1%          3
 Ignite Poison            Fire/Tmut/Pois 95%        N/A       1%          3
 Mephitic Cloud           Conj/Pois/Air  95%        N/A       1%          3
 Summon Guardian Golem    Hex/Summ       75%        N/A       1%          3
 Swiftness                Air            75%        N/A       1%          3
 Airstrike                Air            37%        N/A       1%          4
 Leda's Liquefaction      Hex/Erth       37%        N/A       1%          4
 Blade Hands              Tmut           37%        N/A       1%          5
 Freezing Cloud           Conj/Ice/Air   38%        6-21      1%          5
 Statue Form              Tmut/Erth      50%        N/A       2%          6
 Dragon Form              Tmut           37%        N/A       12%         7
 Orb of Destruction       Conj           37%        9d13      12%         7
 Spellforged Servitor     Conj/Summ      37%        N/A       12%         7
 Summon Hydra             Summ           37%        N/A       12%         7
 Lehudib's Crystal Spear  Conj/Erth      37%        10d9      63%         8
 Summon Horrible Things   Summ           37%        N/A       63%         8
 Chain Lightning          Conj/Air       37%        3d50      100%        9
 Death's Door             Necr           37%        N/A       100%        9
 Dragon's Call            Summ           37%        N/A       100%        9
 Fire Storm               Conj/Fire      37%        8d10      100%        9


Dungeon Overview and Level Annotations

Branches:
Dungeon (15/15)            Temple (1/1) D:4            Lair (6/6) D:9
  Swamp (4/4) Lair:2       Spider (3/4) Lair:2        Slime (0/5) Lair:6
    Orc (2/2) D:10            Elf (0/3) Orc:2        Vaults (0/5) D:13
 Depths (0/5) D:15        Gauntlet (visited)

Altars:
Ashenzari
Cheibriados
Dithmenos
Elyvilon
Fedhas
Gozag
Hepliaklqana
Kikubaaqudgha
Makhleb
Nemelex Xobeh
Okawaru
Ru
Sif Muna
Trog
Uskayaw
Vehumet
Xom
Yredelemnul
The Shining One
Jiyva

Shops:
Orc:2 =[=:

Annotations:
D:11 2 transporters, Lemonspray55555's ghost, journeyman DgFi
Lair:2 exclusion: 3 oklob plants
Lair:3 exclusion: oklob plant
Lair:6 1 runed translucent door
Spider:2 Louise


Innate Abilities, Weirdness & Mutations

You have very sharp teeth.
Your uncanny sense of smell can sniff out nearby items.
Your experience applies equally to all skills.


Message History

The wolf spider is heavily wounded.
The wolf spider closely misses you. The wolf spider misses you.
The emperor scorpion misses you. The emperor scorpion claws you.
* * * LOW HITPOINT WARNING * * *
The emperor scorpion misses you.
You hit the emperor scorpion but do no damage.
You envenom the emperor scorpion.
The emperor scorpion looks even sicker.
You bite the emperor scorpion, but do no damage.
The emperor scorpion is lightly wounded.
The wolf spider completely misses you. The wolf spider misses you.
Unknown command.
You hit the wolf spider.
You envenom the wolf spider!
The wolf spider looks even sicker.
You punch the wolf spider.
The wolf spider is almost dead.
You block the redback's attack. The wolf spider completely misses you.
The wolf spider misses you. The emperor scorpion stings you!
* * * LOW HITPOINT WARNING * * *
The emperor scorpion claws you!
* * * LOW HITPOINT WARNING * * *
The emperor scorpion claws you but does no damage.
The redback closely misses you.
The wolf spider hits you but does no damage.
The wolf spider bites you but does no damage.
The emperor scorpion misses you.
The emperor scorpion completely misses you.
The emperor scorpion closely misses you.
The redback misses you. The wolf spider closely misses you.
The wolf spider bites you!
* * * LOW HITPOINT WARNING * * *
You climb upwards.
Level annotation: Louise The jumping spider pounces on you but does no damage.
The jumping spider closely misses you.
The jumping spider leaps!
There is a stone staircase leading down, spattered with blood here.
As you read the scroll of teleportation, it crumbles to dust.
You feel strangely unstable. You block the redback's attack.
The wolf spider hits you!
* * * LOW HITPOINT WARNING * * *
The wolf spider completely misses you. The emperor scorpion stings you!
You die...

∆ ∆ #
#######...#
#.@°..(....
#.sss..(....
####(s.(....
#<†....##
(}.....#
°(..@### ##
....(. ####.
(((.....
#.#.. ##...


You could see an emperor scorpion (very poisoned), Louise, a wolf spider (very
poisoned), a jumping spider and a redback.

Vanquished Creatures
  Nikola (Swamp:3)
  Arachne (Spider:2)
  Roxanne (Swamp:3)
  Kirke (D:15)
  2 ghouls (Swamp:1)
  An ironbound preserver (D:13)
  Nessos (Lair:4)
  A minotaur (Gauntlet)
  An entropy weaver (Spider:2)
  A bunyip (Swamp:3)
  2 dire elephants
  2 spark wasps (Spider:1)
  Snorg (Lair:5)
  2 eleionomae (Swamp:3)
  2 shambling mangroves
  10 hydras
  Erolcha (D:10)
  An ogre mage (D:15)
  4 boulder beetles
  4 centaur warriors
  A death knight (D:11)
  2 catoblepae (Lair:6)
  2 ghost crabs
  A dancing weapon (D:9)
  6 alligators
  8 two-headed ogres
  A vampire mage (D:15)
  3 death yaks (Lair:6)
  2 tengu warriors
  4 orc high priests
  The ghost of Ozzieoiler the Spear-Bearer, a novice MfAK of Lugonu (D:9)
  Nergalle (Orc:1)
  A shock serpent (shapeshifter) (Gauntlet)
  7 spriggans
  2 skeletal warriors (D:15)
  A death drake (Swamp:3)
  2 goliath frogs
  3 spriggan druids (Swamp:3)
  2 bog bodies
  4 orc knights (Orc:2)
  2 swamp dragons (Swamp:3)
  A phantasmal warrior (D:11)
  7 deep elf zephyrmancers (D:13)
  A necromancer (D:15)
  A lindwurm (Lair:6)
  7 deep elf pyromancers
  13 wolf spiders
  13 orb spiders
  2 oklob plants
  2 will-o-the-wisps
  A fire giant zombie (D:15)
  7 orc sorcerers
  An ugly thing (D:13)
  11 cyclopes
  6 manticores
  A frost giant zombie (D:15)
  8 black mambas
  Maurice (D:10)
  6 elephants
  The ghost of RipleyVolta the Cleaver, a novice MiFi of Fedhas (D:5)
  2 torpor snails
  A minotaur zombie (Gauntlet)
  2 kobold demonologists (D:13)
  A gargoyle (D:13)
  12 cane toads
  10 komodo dragons
  4 unseen horrors
  3 rime drakes
  Psyche (D:7)
  7 demonic crawlers
  3 freezing wraiths
  An efreet (D:11)
  A tengu conjurer (D:14)
  A polar bear (Lair:4)
  3 trolls
  2 tyrant leeches
  A bloated husk (Swamp:2)
  A troll (shapeshifter) (D:14)
  16 jumping spiders
  A queen bee (Lair:3)
  11 hornets
  A fire dragon zombie (D:15)
  A wolf spider simulacrum (D:14)
  9 slime creatures
  18 blink frogs
  6 dream sheep (Lair:6)
  A centaur simulacrum (D:14)
  A wraith (D:13)
  2 shadows
  5 wyverns
  36 redbacks
  16 tarantellas
  An ettin skeleton (D:15)
  A vampire (D:11)
  47 yaks
  5 basilisks
  A steam dragon (D:8)
  3 wargs
  Edmund (D:4)
  6 swamp worms
  8 vampire mosquitoes
  16 water moccasins
  2 acid dragons
  15 orc warriors
  An ice beast (D:7)
  3 black bears
  2 necrophages
  7 ogres
  5 boggarts (D:14)
  6 wolves
  6 centaurs
  A phantom (D:5)
  A kobold brigand (D:8)
  Blork the orc (D:6)
  A wyvern zombie (D:5)
  4 scorpions
  10 bullfrogs
  3 gnoll sergeants
  26 killer bees
  6 wights
  3 electric eels
  A howler monkey (D:7)
  4 crimson imps (D:6)
  2 bullfrog zombies (D:5)
  8 centaur zombies
  A jelly (D:6)
  Crazy Yiuf (D:2)
  A centaur skeleton (D:7)
  6 hounds
  20 orc priests
  6 iguanas
  2 bullfrog skeletons
  2 scorpion zombies (D:5)
  19 orc wizards
  4 small abominations (Gauntlet)
  2 hound zombies (D:5)
  2 howler monkey zombies
  11 gnolls
  11 adders
  A howler monkey skeleton (D:7)
  A shadow imp (D:6)
  3 ufetubi
  4 dart slugs
  48 orcs
  4 ball pythons
  5 endoplasms
  5 giant cockroaches
  4 goblins
  6 hobgoblins
  9 jackals
  A quokka (D:2)
  6 bats
  4 frilled lizards
  5 kobolds
  4 rats
771 creatures vanquished.

Vanquished Creatures (others)
  A deep elf pyromancer (D:13)
  A kobold (D:8)
  A demonic plant (Gauntlet)
  A fire vortex (Lair:5)
  10 foxfires
  47 fungi
  49 plants
  6 withered plants (D:15)
116 creatures vanquished.

Grand Total: 887 creatures vanquished

Notes
Turn   | Place    | Note
-------+----------+-------------------------------------------
     0 | D:1      | Illumine the Gnoll Ice Elementalist began the quest for the
                  | Orb.
     0 | D:1      | Reached XP level 1. HP: 13/13 MP: 6/6
   209 | D:1      | Reached XP level 2. HP: 19/19 MP: 4/7
   588 | D:1      | Reached XP level 3. HP: 25/25 MP: 9/9
   662 | D:1      | Reached skill level 5 in Spellcasting
   864 | D:2      | Found a bloodstained altar of Trog.
  1268 | D:2      | Reached skill level 1 in Invocations
  1614 | D:2      | Found a runed translucent door.
  1615 | D:2      | Noticed Crazy Yiuf
  1624 | D:2      | Killed Crazy Yiuf
  1625 | D:2      | Reached skill level 1 in Fighting
  1625 | D:2      | Reached skill level 1 in Short Blades
  1625 | D:2      | Reached skill level 1 in Long Blades
  1625 | D:2      | Reached skill level 1 in Axes
  1625 | D:2      | Reached skill level 1 in Maces & Flails
  1625 | D:2      | Reached skill level 1 in Polearms
  1625 | D:2      | Reached skill level 1 in Staves
  1625 | D:2      | Reached skill level 1 in Slings
  1625 | D:2      | Reached skill level 1 in Bows
  1625 | D:2      | Reached skill level 1 in Crossbows
  1625 | D:2      | Reached skill level 1 in Throwing
  1625 | D:2      | Reached skill level 1 in Armour
  1625 | D:2      | Reached skill level 1 in Shields
  1625 | D:2      | Reached skill level 1 in Unarmed Combat
  1625 | D:2      | Reached skill level 1 in Evocations
  1625 | D:2      | Reached XP level 4. HP: 15/32 MP: 7/11
  1869 | D:3      | Found a faded altar of an unknown god.
  1890 | D:2      | Learned a level 3 spell: Frozen Ramparts
  1894 | D:2      | Learned a level 3 spell: Ozocubu's Armour
  2025 | D:3      | Found a hazy altar of Hepliaklqana.
  2043 | D:3      | Reached skill level 1 in Conjurations
  2043 | D:3      | Reached skill level 1 in Hexes
  2043 | D:3      | Reached skill level 1 in Summonings
  2043 | D:3      | Reached skill level 1 in Necromancy
  2043 | D:3      | Reached skill level 1 in Translocations
  2043 | D:3      | Reached skill level 1 in Transmutations
  2043 | D:3      | Reached skill level 1 in Fire Magic
  2043 | D:3      | Reached skill level 1 in Air Magic
  2043 | D:3      | Reached skill level 1 in Earth Magic
  2043 | D:3      | Reached skill level 1 in Poison Magic
  2043 | D:3      | Reached XP level 5. HP: 37/37 MP: 8/12
  2217 | D:3      | Got Plato's Collected Works on Weightlessness
  2339 | D:3      | You fall into a shaft and drop 2 floors!
  2339 | D:5      | Entered Level 5 of the Dungeon
  2403 | D:5      | Found a radiant altar of Vehumet.
  2415 | D:5      | Reached XP level 6. HP: 44/44 MP: 11/13
  2510 | D:5      | Noticed a black bear
  2519 | D:5      | Killed a black bear
  2520 | D:5      | Reached skill level 5 in Dodging
  2653 | D:5      | Reached XP level 7. HP: 50/50 MP: 15/15
  2764 | D:5      | Reached skill level 5 in Stealth
  3147 | D:5      | Learned a level 4 spell: Hailstorm
  3291 | D:5      | Found a transporter.
  3293 | D:5      | Found a transporter.
  3293 | D:5      | Noticed RipleyVolta's ghost (novice MiFi)
  3409 | D:5      | Reached XP level 8. HP: 57/57 MP: 13/16
  3622 | D:5      | Found an iron altar of Okawaru.
  3945 | D:6      | Found a shimmering altar of Xom.
  3994 | D:6      | Identified the +3 flail "Beetleslayer" {vorpal, rPois SInv}
  4081 | D:6      | Noticed Blork the orc
  4127 | D:6      | Killed Blork the orc
  4277 | D:6      | Reached XP level 9. HP: 65/65 MP: 15/18
  4895 | D:7      | Identified the +0 plate armour of the Stone Wall {Rampage
                  | Dex+2}
  4955 | D:7      | Noticed a seven-headed hydra
  5918 | D:4      | Noticed Edmund
  5928 | D:4      | Killed Edmund
  6003 | D:4      | Found a staircase to the Ecumenical Temple.
  6020 | Temple   | Entered the Ecumenical Temple
  6142 | Temple   | Became a worshipper of Cheibriados the Contemplative
  6410 | D:4      | Learned a level 3 spell: Vampiric Draining
  6553 | D:4      | Identified the +10 whip of Hatred {vorpal, rF++}
  7077 | D:8      | Reached skill level 5 in Invocations
  7414 | D:8      | Noticed Psyche
  7512 | D:7      | Killed Psyche
  7513 | D:7      | Reached XP level 10. HP: 71/73 MP: 11/20
  7798 | D:8      | Reached skill level 5 in Fighting
  7798 | D:8      | Reached skill level 5 in Short Blades
  7798 | D:8      | Reached skill level 5 in Long Blades
  7798 | D:8      | Reached skill level 5 in Axes
  7798 | D:8      | Reached skill level 5 in Maces & Flails
  7798 | D:8      | Reached skill level 5 in Polearms
  7798 | D:8      | Reached skill level 5 in Staves
  7798 | D:8      | Reached skill level 5 in Slings
  7798 | D:8      | Reached skill level 5 in Bows
  7798 | D:8      | Reached skill level 5 in Crossbows
  7798 | D:8      | Reached skill level 5 in Throwing
  7798 | D:8      | Reached skill level 5 in Armour
  7798 | D:8      | Reached skill level 5 in Shields
  7798 | D:8      | Reached skill level 5 in Unarmed Combat
  7798 | D:8      | Reached skill level 5 in Evocations
  7941 | D:8      | Reached * piety under Cheibriados
  8482 | D:9      | Found a runed translucent door.
  8482 | D:9      | Found a shimmering altar of Xom.
  8482 | D:9      | Noticed a +2 scimitar of chaos
  8482 | D:9      | Noticed Ozzieoiler's ghost (novice MfAK)
  8766 | D:9      | Found a staircase to the Lair.
  8772 | D:9      | Reached ** piety under Cheibriados
  9096 | D:9      | Reached XP level 11. HP: 81/81 MP: 16/22
  9221 | D:10     | Entered Level 10 of the Dungeon
  9274 | Lair:1   | Entered Level 1 of the Lair of Beasts
  9300 | Lair:1   | Reached skill level 5 in Conjurations
  9300 | Lair:1   | Reached skill level 5 in Hexes
  9300 | Lair:1   | Reached skill level 5 in Summonings
  9300 | Lair:1   | Reached skill level 5 in Necromancy
  9300 | Lair:1   | Reached skill level 5 in Translocations
  9300 | Lair:1   | Reached skill level 5 in Transmutations
  9300 | Lair:1   | Reached skill level 5 in Fire Magic
  9300 | Lair:1   | Reached skill level 5 in Air Magic
  9300 | Lair:1   | Reached skill level 5 in Earth Magic
  9300 | Lair:1   | Reached skill level 5 in Poison Magic
  9546 | Lair:1   | Reached *** piety under Cheibriados
 10708 | Lair:2   | Noticed an oklob plant
 10712 | Lair:2   | Found a staircase to the Swamp.
 10833 | Lair:2   | Noticed an oklob plant
 10902 | Lair:2   | Reached XP level 12. HP: 46/89 MP: 2/24
 11088 | Lair:2   | Found a hole to the Spider Nest.
 11710 | Lair:3   | Reached **** piety under Cheibriados
 12115 | Lair:3   | Reached ***** piety under Cheibriados
 12402 | Lair:3   | Noticed a five-headed hydra
 12416 | Lair:3   | Killed a five-headed hydra
 12889 | Lair:4   | Noticed a four-headed hydra
 12900 | Lair:4   | Killed a four-headed hydra
 12923 | Lair:4   | Found a gate leading to a gauntlet.
 12927 | Gauntlet | Entered a Gauntlet
 12927 | Gauntlet | Found a transporter.
 12927 | Gauntlet | Found a transporter.
 13002 | Gauntlet | Found a transporter.
 13006 | Gauntlet | Found a transporter.
 13014 | Gauntlet | Found a transporter.
 13018 | Gauntlet | Found a transporter.
 13026 | Gauntlet | Found a transporter.
 13026 | Gauntlet | Noticed a quicksilver ooze
 13041 | Gauntlet | Found a runed translucent door.
 13042 | Gauntlet | Found a transporter.
 13043 | Gauntlet | Found a runed translucent door.
 13044 | Gauntlet | Noticed a dire elephant
 13056 | Gauntlet | Found a transporter.
 13060 | Gauntlet | Found a transporter.
 13068 | Gauntlet | Found a runed translucent door.
 13068 | Gauntlet | Found a runed translucent door.
 13072 | Gauntlet | Found a transporter.
 13076 | Gauntlet | Found a transporter.
 13079 | Gauntlet | Noticed a shock serpent
 13115 | Gauntlet | a shock serpent changed into a deep troll
 13122 | Gauntlet | Noticed a shock serpent
 13122 | Gauntlet | a deep troll changed into a shock serpent
 13134 | Gauntlet | Killed a shock serpent
 13135 | Gauntlet | Identified the -2 helmet of Qewnab {rElec rPois}
 13210 | Gauntlet | Noticed a shock serpent
 13210 | Gauntlet | a death drake changed into a shock serpent
 13240 | Gauntlet | a shock serpent changed into a shining eye
 13241 | Gauntlet | Noticed an anaconda
 13241 | Gauntlet | a shining eye changed into an anaconda
 13252 | Gauntlet | an anaconda changed into a cyclops
 13294 | Gauntlet | Noticed a bunyip
 13294 | Gauntlet | a slime creature changed into a bunyip
 13341 | Gauntlet | Noticed a catoblepas
 13345 | Gauntlet | Noticed an anaconda
 13345 | Gauntlet | a swamp worm changed into an anaconda
 13471 | Gauntlet | Killed a dire elephant
 13532 | Gauntlet | Noticed a minotaur
 13772 | Gauntlet | Identified the ring "Wines" {*Corrode rN++ Will+ EV+4}
 13784 | Gauntlet | Killed a minotaur
 13791 | Gauntlet | Got the Papyrus of Supportive Heat
 13833 | Gauntlet | Reached XP level 13. HP: 50/98 MP: 23/26
 13842 | Gauntlet | Learned a level 5 spell: Blade Hands
 13848 | Gauntlet | Learned a level 5 spell: Lee's Rapid Deconstruction
 13854 | Gauntlet | Learned a level 5 spell: Bolt of Magma
 14105 | Lair:4   | Noticed Nessos
 14114 | Lair:4   | Killed Nessos
 15023 | Lair:5   | Noticed Snorg
 15462 | Lair:5   | Killed Snorg
 16364 | Lair:6   | Entered Level 6 of the Lair of Beasts
 16426 | Lair:6   | Found a runed translucent door.
 16427 | Lair:6   | Found a viscous altar of Jiyva.
 16427 | Lair:6   | Noticed an acid blob
 16443 | Lair:6   | Reached skill level 10 in Ice Magic
 16444 | Lair:6   | Found a staircase to the Slime Pits.
 16444 | Lair:6   | Noticed an acid blob
 16645 | Lair:6   | Learned a level 4 spell: Cause Fear
 17132 | Lair:6   | Reached skill level 10 in Spellcasting
 17434 | Lair:6   | Reached ****** piety under Cheibriados
 17440 | Lair:6   | Reached XP level 14. HP: 106/106 MP: 15/28
 17509 | Lair:6   | Noticed a dire elephant
 17515 | Lair:6   | Reached skill level 10 in Dodging
 17536 | Lair:6   | Killed a dire elephant
 17720 | Lair:6   | Reached skill level 10 in Stealth
 18092 | Lair:6   | Reached skill level 10 in Invocations
 18587 | D:5      | Killed RipleyVolta's ghost
 18759 | D:9      | Killed Ozzieoiler's ghost
 18832 | D:10     | Found a staircase to the Orcish Mines.
 18917 | D:10     | Noticed Erolcha
 18925 | D:10     | Killed Erolcha
 19113 | D:10     | Noticed Maurice
 19129 | D:10     | Killed Maurice
 19504 | D:10     | Found a sacrificial altar of Ru.
 20359 | D:11     | Noticed Lemonspray55555's ghost (journeyman DgFi)
 20363 | D:11     | Found a bloodstained altar of Trog.
 20374 | D:11     | Found a transporter.
 20474 | D:11     | Found a transporter.
 20912 | D:12     | Identified 2 scrolls of acquirement
 20915 | D:12     | Acquired a scarf of invisibility
 22143 | D:13     | Reached XP level 15. HP: 82/115 MP: 23/29
 22334 | D:13     | Acquired 660 gold pieces
 22527 | D:13     | Reached skill level 10 in Fighting
 22527 | D:13     | Reached skill level 10 in Short Blades
 22527 | D:13     | Reached skill level 10 in Long Blades
 22527 | D:13     | Reached skill level 10 in Axes
 22527 | D:13     | Reached skill level 10 in Maces & Flails
 22527 | D:13     | Reached skill level 10 in Polearms
 22527 | D:13     | Reached skill level 10 in Staves
 22527 | D:13     | Reached skill level 10 in Slings
 22527 | D:13     | Reached skill level 10 in Bows
 22527 | D:13     | Reached skill level 10 in Crossbows
 22527 | D:13     | Reached skill level 10 in Throwing
 22527 | D:13     | Reached skill level 10 in Armour
 22527 | D:13     | Reached skill level 10 in Shields
 22527 | D:13     | Reached skill level 10 in Unarmed Combat
 22527 | D:13     | Reached skill level 10 in Evocations
 22552 | D:13     | Found a gate to the Vaults.
 23121 | D:13     | Acquired a staff of conjuration
 23169 | D:13     | Learned a level 5 spell: Irradiate
 23756 | D:14     | Got the Grimoire of Freezing Evil Arts
 24575 | D:15     | Entered Level 15 of the Dungeon
 24996 | D:15     | Found a staircase to the Depths.
 25408 | D:15     | Noticed Kirke
 25414 | D:15     | Killed Kirke
 25415 | D:15     | Reached XP level 16. HP: 123/123 MP: 25/31
 25823 | Orc:1    | Entered Level 1 of the Orcish Mines
 26100 | Orc:1    | Noticed Nergalle
 26109 | Orc:1    | Killed Nergalle
 26546 | Orc:2    | Entered Level 2 of the Orcish Mines
 26922 | Orc:2    | Found a staircase to the Elven Halls.
 27390 | Orc:2    | Found Ganouxte's Book Shop.
 27398 | Orc:2    | Found Uqecu's Jewellery Emporium.
 27410 | Orc:2    | Bought a book of Dangerous Friends for 600 gold pieces
 27410 | Orc:2    | Bought Baxutea's Volume of Creation and Earth for 390 gold
                  | pieces
 27412 | Orc:2    | Found Tuco's Antique Armour Emporium.
 27414 | Orc:2    | Found Ofyor's Jewellery Shop.
 27422 | Orc:2    | Bought a ring of wizardry for 390 gold pieces
 27695 | Swamp:1  | Entered Level 1 of the Swamp
 30040 | Swamp:3  | Noticed Roxanne
 30134 | Swamp:3  | Killed Roxanne
 30135 | Swamp:3  | Reached XP level 17. HP: 131/131 MP: 13/33
 30325 | Swamp:3  | Noticed Nikola
 30335 | Swamp:3  | HP: 2/131 [Nikola/arc of chain lightning (49)]
 30339 | Swamp:3  | Killed Nikola
 30590 | Swamp:4  | Entered Level 4 of the Swamp
 30824 | Spider:1 | Entered Level 1 of the Spider Nest
 32293 | Spider:2 | Noticed Arachne
 32301 | Spider:2 | Killed Arachne
 32774 | Spider:2 | You fall into a shaft and drop 1 floor!
 32813 | Spider:2 | Reached skill level 10 in Conjurations
 32813 | Spider:2 | Reached skill level 10 in Hexes
 32813 | Spider:2 | Reached skill level 10 in Summonings
 32813 | Spider:2 | Reached skill level 10 in Necromancy
 32813 | Spider:2 | Reached skill level 10 in Translocations
 32813 | Spider:2 | Reached skill level 10 in Transmutations
 32813 | Spider:2 | Reached skill level 10 in Fire Magic
 32813 | Spider:2 | Reached skill level 10 in Air Magic
 32813 | Spider:2 | Reached skill level 10 in Earth Magic
 32813 | Spider:2 | Reached skill level 10 in Poison Magic
 32835 | Spider:2 | Noticed Louise
 32851 | Spider:2 | Slain by an emperor scorpion

Illustrated notes

Levels and vault maps discovered:
D:1:      grunt_arrival_lava_bath, layout_loops_cross, minmay_misc_feat_iff,
          st_stairs_3
D:2:      minmay_chambers_of_twos, layout_loops_ring, basic_altar,
          uniq_crazy_yiuf_cottage
D:3:      layout_loops_cross, mainiacjoe_overflow_concentric_impassable,
          portal_sewer_entry_b, shapermc_ecumenical_altar_rom_forum,
          grunt_decor_one_mirror, hangedman_abyss_or_decor_lesser_grid,
          minmay_fractal_squares_diagonal_5
D:4:      layout_loops_corners, nicolae_overflow_hidden_temple,
          minmay_temple_entry_tees, uniq_edmund
D:5:      cheibrodos_barr_body, layout_loops_ring, nicolae_vehumet_altar_sigil,
          lemuel_crystal_altar, gammafunk_ghost_mausoleum,
          minmay_misc_feat_columns
D:6:      layout_basic, led_xom_imps, serial_park_tiny_2,
          kennysheep_generic_room_15, uniq_blork_the_orc
D:7:      layout_basic, serial_co_window_serial, co_window_paths_a,
          co_window_paths_a, co_window_of_opportunity_a, co_window_paths_b,
          co_window_corner_a, co_window_broadway_c, co_window_2corner,
          co_window_corner_b, co_window_broadway_b, glass_columns_a
D:8:      layout_basic, uniq_psyche
D:9:      layout_rooms, erik_lair_orcish_takeover, ebering_ghost_xom,
          serial_bayou_pond_c
D:10:     layout_irregular_city, mainiacjoe_overflow_paths, orc_0_dummy,
          uniq_maurice, uniq_erolcha
D:11:     layout_stronghold, gammafunk_ghost_wrathful_warriors
D:12:     layout_roguey, minmay_statues_item
D:13:     layout_loops_ring, skrybe_vaults_entry_preservation,
          elves_outpost_lemuel
D:14:     layout_roguey, hangedman_decor_points
D:15:     gammafunk_depths_entry_grave, layout_cave_pools,
          chequers_serial_rivers_room_b, uniq_kirke
Temple:   eino_temple_rhombus
Lair:1:   layout_regular_city
Lair:2:   layout_regular_city, swamp_mist_pool, spider_nest_entry_web_field,
          disabler_island
Lair:3:   layout_loops_ring, special_room [special_room_bee], grunt_megastairs_5
Lair:4:   layout_roguey, gauntlet_entry_generic, uniq_nessos
Lair:5:   layout_gridlike, nicolae_quartered_pool_super, serial_bayou_shore_a,
          lemuel_fruit_tree, uniq_snorg
Lair:6:   hangedman_lair_in_review, layout_cellular_growth, slime_altar_2
Swamp:1:  layout_basic_swamp, evilmike_swamp_ruin_house_5
Swamp:2:  layout_basic_swamp, hangedman_swamp_diagram
Swamp:3:  layout_basic_swamp, evilmike_swamp_ruin_house_4, swamp_pool2,
          infiniplex_staircase_pool, uniq_roxanne, uniq_nikola
Swamp:4:  swamp_alternative, layout_basic_swamp, swamp_pool1
Spider:1: cheibrodos_forgotten_conduit
Spider:2: layout_chambers, nicolae_spider_spiderdrome, uniq_louise,
          uniq_arachne, uniq_aizul
Spider:3: layout_spider_delve, gammafunk_ghost_tricky_traps
Orc:1:    layout_caves, uniq_nergalle
Orc:2:    st_orc_elflike, layout_caves

Skill      XL: |  1  2  3  4  5  6  7  8  9 10 11 12 13 14 15 16 17 |
---------------+----------------------------------------------------+-----
Spellcasting   | 5 6 7 8 9 10 11 12 | 12.6
Invocations    | 1 2 3 4 5 6 7 8 9 10 11 12 | 12.6
Fighting       | 1 2 3 4 5 6 7 8 9 10 11 | 11.7
Short Blades   | 1 2 3 4 5 6 7 8 9 10 11 | 11.7
Long Blades    | 1 2 3 4 5 6 7 8 9 10 11 | 11.7
Axes           | 1 2 3 4 5 6 7 8 9 10 11 | 11.7
Maces & Flails | 1 2 3 4 5 6 7 8 9 10 11 | 11.7
Polearms       | 1 2 3 4 5 6 7 8 9 10 11 | 11.7
Staves         | 1 2 3 4 5 6 7 8 9 10 11 | 11.7
Slings         | 1 2 3 4 5 6 7 8 9 10 11 | 11.7
Bows           | 1 2 3 4 5 6 7 8 9 10 11 | 11.7
Crossbows      | 1 2 3 4 5 6 7 8 9 10 11 | 11.7
Throwing       | 1 2 3 4 5 6 7 8 9 10 11 | 11.7
Armour         | 1 2 3 4 5 6 7 8 9 10 11 | 11.7
Shields        | 1 2 3 4 5 6 7 8 9 10 11 | 11.7
Unarmed Combat | 1 2 3 4 5 6 7 8 9 10 11 | 11.7
Evocations     | 1 2 3 4 5 6 7 8 9 10 11 | 11.7
Conjurations   | 1 2 3 4 5 6 7 8 9 10 | 10.0
Hexes          | 1 2 3 4 5 6 7 8 9 10 | 10.0
Summonings     | 1 2 3 4 5 6 7 8 9 10 | 10.0
Necromancy     | 1 2 3 4 5 6 7 8 9 10 | 10.0
Translocations | 1 2 3 4 5 6 7 8 9 10 | 10.0
Transmutations | 1 2 3 4 5 6 7 8 9 10 | 10.0
Fire Magic     | 1 2 3 4 5 6 7 8 9 10 | 10.0
Air Magic      | 1 2 3 4 5 6 7 8 9 10 | 10.0
Earth Magic    | 1 2 3 4 5 6 7 8 9 10 | 10.0
Poison Magic   | 1 2 3 4 5 6 7 8 9 10 | 10.0
Dodging        | 5 6 7 8 9 10 11 12 | 12.4
Stealth        | 5 6 7 8 9 10 11 12 | 12.3
Ice Magic      | 8 9 10 11 12 | 12.0

Action                   |  1- 3 |  4- 6 |  7- 9 | 10-12 | 13-15 | 16-18 || total
-------------------------+-------+-------+-------+-------+-------+-------++-------
Melee: Short sword       |     3 |       |       |       |       |       ||     3
       Dagger            |    59 |    32 |   154 |       |       |       ||   245
       Bite              |     6 |     1 |    12 |    40 |    97 |    56 ||   212
       Punch             |       |       |     1 |     2 |    27 |    26 ||    56
       Whip              |       |       |    20 |   276 |   438 |   194 ||   928
       Unarmed           |       |       |       |       |    11 |       ||    11
       Staff             |       |       |       |       |     9 |    71 ||    80
 Fire: Longbow           |       |       |       |       |   153 |   307 ||   460
 Cast: Freeze            |    28 |    32 |    39 |    50 |     2 |       ||   151
       Frozen Ramparts   |       |     6 |    28 |    65 |    49 |     9 ||   157
       Ozocubu's Armour  |       |     1 |    10 |    20 |       |       ||    31
       Hailstorm         |       |       |       |     6 |    22 |     3 ||    31
       Vampiric Draining |       |       |       |     9 |     8 |       ||    17
       Bolt of Magma     |       |       |       |       |    82 |    82 ||   164
       Lee's Rapid Decon |       |       |       |       |    37 |    25 ||    62
       Blade Hands       |       |       |       |       |     1 |       ||     1
       Irradiate         |       |       |       |       |     3 |    17 ||    20
Invok: Slouch            |       |       |       |     1 |       |       ||     1
       Temporal Distorti |       |       |       |       |       |     1 ||     1
 Abil: Evoke Invisibilit |       |       |       |       |       |     1 ||     1
Evoke: Wand              |       |       |     2 |       |     7 |       ||     9
  Use: Scroll            |       |     3 |     4 |     7 |    24 |     9 ||    47
       Potion            |       |       |       |     1 |     2 |     2 ||     5
 Stab: Sleeping          |     6 |     3 |    13 |     2 |     5 |     3 ||    32
       Petrified         |       |       |       |       |     5 |       ||     5
       Distracted        |       |       |       |       |     2 |       ||     2
Armor: Robe              |    26 |    19 |     1 |       |       |       ||    46
       Leather armour    |       |       |    50 |    40 |       |       ||    90
       Ring mail         |       |       |       |    57 |    30 |    33 ||   120
       Troll leather arm |       |       |       |       |    97 |   106 ||   203
Dodge: Dodged            |    43 |    25 |   100 |   162 |   427 |   420 ||  1177
Block: Other             |    11 |    13 |    54 |    35 |    78 |   103 ||   294
       Reflection        |       |     3 |     1 |     4 |     7 |       ||    15
       Buckler           |       |       |       |   108 |    51 |       ||   159
